AoeStats
← Smoke

Arabia

509725970Analyzed
2v2 RM · 4d ago on Sep 27, 2026· 36m 58s· 4 players
Game mode
Random Map
Map size
Medium (4 player)
Population
200
Speed
Normal
Resources
Standard
Victory
Conquest
Starting age
Dark Age
Ending age
Imperial Age
RankedLock teamsTeams togetherTeam positionsShared explorationLock speedFull tech treeHidden civsTurbo modeCheats
Victory
Defeat
🇲🇽 Ethiopians · Mexico
1309
+12
🇻🇪 Berbers · Venezuela
1176
+18
🇲🇽 Varangians · Mexico
1222
-15
🇲🇽 Saxons · Mexico
1222
-15
Marldox
7:08 Loom
9:19 Feudal Age
11:06 Double-Bit Axe
14:58 Town Watch
16:56 Scale Barding Armor
22:50 Castle Age
21:30 Fletching
22:40 Horse Collar
23:37 Bloodlines
23:29 Bodkin Arrow
23:23 Crossbowman
25:30 Padded Archer Armor
29:22 Husbandry
29:34 Forging
31:34 Iron Casting
35:47 Scale Mail Armor
37:23 Chain Mail Armor
Mankito77
1:51 Loom
10:01 Feudal Age
21:50 Castle Age
20:47 Bloodlines
20:56 Gold Mining
22:21 Wheelbarrow
21:32 Town Watch
22:43 Double-Bit Axe
25:39 Forging
27:11 Horse Collar
30:19 Iron Casting
30:19 Scale Barding Armor
Smoke
7:18 Loom
10:02 Feudal Age
10:05 Man-at-Arms
10:32 Double-Bit Axe
24:58 Castle Age
22:55 Horse Collar
24:57 Fletching
24:59 Gold Mining
25:11 Padded Archer Armor
25:07 Crossbowman
25:37 Elite Skirmisher
27:08 Bodkin Arrow
31:09 Town Watch
36:37 Leather Archer Armor
_DLAGON_
5:54 Loom
9:03 Feudal Age
9:33 Double-Bit Axe
9:50 Horse Collar
14:17 Forging
19:16 Scale Barding Armor
23:20 Castle Age
21:53 Bloodlines
24:44 Iron Casting
25:16 Husbandry
28:48 Light Cavalry
30:33 Chain Barding Armor
Connection lost

Rejoining the realm…

Still unreachable

The connection could not be restored.

Session expired

The server has moved on; the page needs a fresh start.